 Dungeon Crawl Stone Soup version 0.28-a0-422-gd71735cc25 (webtiles) character file.

Game seed: 4347406749876082548

11524 lmSkywalker the Basher (level 11, -5/89 HPs)
             Began as a Minotaur Fighter on Sept 8, 2021.
             Was an Elder of Okawaru.
             Slain by a reaper (32 damage)
             ... in an ice cave.
             The game lasted 00:45:41 (13475 turns).

lmSkywalker the Basher (Minotaur Fighter)          Turns: 13475, Time: 00:45:42

Health: -5/89      AC: 20    Str: 28    XL:     11   Next: 50%
Magic:  8/13       EV: 12    Int:  6    God:    Okawaru [****..]
Gold:   238        SH: 18    Dex: 11    Spells: 10/10 levels left

rFire   + . .      SeeInvis .   k - +2 mace (protect)
rCold   + + +      Faith    .   j - +0 kite shield
rNeg    . . .      Spirit   .   T - +4 chain mail {rC+}
rPois   .          Reflect  +   (helmet restricted)
rElec   .          Harm     .   N - scarf {rC+ rF+}
rCorr   .          Rampage  .   L - +0 pair of gloves
Will    .....                   h - +1 pair of boots
Stlth   ..........              S - amulet "Enefom" {Reflect Slay+2 SH+5}
HPRegen 0.24/turn               f - ring of protection from cold
MPRegen 0.13/turn               K - +6 ring of strength

@: heroic, finesse-ful
A: horns 2, retaliatory headbutt
a: Renounce Religion, Heroism, Finesse


You were in an ice cave.
You worshipped Okawaru.
Okawaru was greatly pleased with you.
You visited 1 branch of the dungeon, and saw 11 of its levels.
You also visited: Ice Cave.

You collected 782 gold pieces.
You spent 544 gold pieces at shops.

Inventory:

Hand Weapons
 k - a +2 mace of protection (weapon)
 q - the +8 storm bow {elec, penet}
   (You acquired it on level 10 of the Dungeon)

   Any ammunition fired from it occasionally discharges a powerful burst of
   electricity upon striking a foe.
   Any ammunition fired by it passes through the targets it hits, potentially
   hitting all targets in its path until it reaches maximum range.
Missiles
 i - 27 javelins
 r - 7 boomerangs
 w - 6 curare-tipped darts
 D - 82 arrows
Armour
 h - a +1 pair of boots (worn)
 j - a +0 kite shield (worn)
 L - a +0 pair of gloves (worn)
 N - a scarf of resistance (worn)
 T - a +4 chain mail of cold resistance (worn)
Jewellery
 f - a ring of protection from cold (left hand)
 t - a ring of resist corrosion
 K - a +6 ring of strength (right hand)
 S - the amulet "Enefom" (around neck) {Reflect Slay+2 SH+5}
   (You bought it in a shop on level 2 of the Dungeon)

   [amulet of reflection]

   It reflects blocked missile attacks.
   Slay:      It affects your accuracy & damage with ranged weapons and melee
   (+2).
   SH:        It affects your SH (+5).
 V - a ring of poison resistance
Wands
 b - a wand of flame (11)
 C - a wand of paralysis (12)
 H - a wand of iceblast (32)
 J - a wand of polymorph (17)
Scrolls
 a - a scroll of holy word {unknown}
 c - a scroll of enchant weapon {unknown}
 e - 6 scrolls of immolation
 m - 4 scrolls of magic mapping
 n - a scroll of fog {unknown}
 o - a scroll of torment
 u - 3 scrolls of amnesia
 v - 2 scrolls of blinking
 y - a scroll of silence {unknown}
 z - 3 scrolls of identify
 M - 4 scrolls of teleportation
 P - a scroll of brand weapon {unknown}
 Q - 2 scrolls of acquirement
 W - a scroll of fear {unknown}
Potions
 d - 3 potions of might
 g - a potion of invisibility {unknown}
 l - 9 potions of curing
 p - a potion of magic
 s - a potion of heal wounds
 x - 2 potions of ambrosia
 A - a potion of flight {unknown}
 E - 4 potions of haste
 F - 4 potions of resistance
 G - a potion of berserk rage {unknown}
 I - 2 potions of brilliance
 R - a potion of attraction {unknown}
 U - a potion of cancellation {unknown}


   Skills:
 + Level 6.2(11.2) Fighting
 - Level 5.1(15.3) Axes
 - Level 13.6(19.0) Maces & Flails
 - Level 2.0(7.0) Throwing
 + Level 6.2(11.2) Armour
 + Level 4.3(9.3) Dodging
 - Level 10.3(15.3) Shields
 + Level 5.1 Invocations
 - Level 5.0 Evocations


You had 10 spell levels left.
You didn't know any spells.
Your spell library contained the following spells:

 Spells                   Type           Power      Damage    Failure   Level
 Foxfire                  Conj/Fire      0%         2x1d4     90%         1
 Magic Dart               Conj           0%         1d3       90%         1
 Conjure Flame            Conj/Fire      0%         6-21      99%         3
 Inner Flame              Hex/Fire       0%         N/A       99%         3
 Mephitic Cloud           Conj/Pois/Air  0%         N/A       99%         3
 Flame Wave               Conj/Fire      0%         3d3       100%        4
 Call Imp                 Summ           Unusable   N/A       N/A         2

Dungeon Overview and Level Annotations

Branches:
Dungeon (11/15)            Temple (0/1) D:7            Lair (0/6) D:10
    Orc (0/2) D:9           IceCv (1/1)

Altars:
Hepliaklqana
Kikubaaqudgha
Makhleb
Okawaru
Qazlal
Trog
Xom
Zin

Shops:
D:2 =

Annotations:
D:5 1 runed translucent door, Crazy Yiuf
D:6 Sigmund
D:8 3 runed translucent doors, exclusion: 3 doors, SkeletonJelly's ghost, novice TeMo


Innate Abilities, Weirdness & Mutations

You have a pair of horns on your head.
You reflexively headbutt those who attack you in melee.


Message History

The reaper is heavily wounded.
The reaper struggles against the net.
The net rips apart, and the reaper comes free!
You closely miss the reaper. You headbutt the reaper.
The reaper is heavily wounded.
The reaper hits you with a +1 scythe of freezing!!
* * * LOW HITPOINT WARNING * * *
The reaper freezes you.
* * * LOW HITPOINT WARNING * * *
The troll simulacrum bites you but does no damage.
You block the troll simulacrum's attack.
The troll simulacrum barely misses you.
You feel much better. You block the reaper's attack.
You block the troll simulacrum's attack.
The troll simulacrum claws you but does no damage.
You block the troll simulacrum's attack.
Throw: throwing net
Press: ? - help, Q - select action, (/) - cycle Shift-Dir - straight line, f/p - reaper
Aim: a reaper, wielding a +1 scythe of freezing, wearing a +2 robe of cold resistance and wearing a ring of protection from cold (heavily wounded, 67% to hit)
You throw a throwing net.
The throwing net closely misses the reaper.
The reaper hits you but does no damage.
Aiming: Paralyse
Press: ? - help, Q - select action, (/) - cycle Shift-Dir - straight line, f/p - reaper
Aim: a reaper, wielding a +1 scythe of freezing, wearing a +2 robe of cold resistance and wearing a ring of protection from cold (heavily wounded, chance to affect: 5%)
Okay, then.
Non-targeted abil: Finesse
Press: ? - help, Q - select action, (/) - cycle Dir - look around, f - activate You fail to use your ability.
You block the troll simulacrum's attack. x2
The troll simulacrum claws you but does no damage.
The reaper hits you with a +1 scythe of freezing!
Non-targeted abil: Finesse
Press: ? - help, Q - select action, (/) - cycle Dir - look around, f - activate You can now deal lightning-fast blows.
You block the troll simulacrum's attack.
The troll simulacrum claws you. The troll simulacrum freezes you. You resist.
The troll simulacrum closely misses you.
The reaper hits you with a +1 scythe of freezing!!
You die...

### ##.## ##...## ####
#.....## ##..##
##......# ##....#
#...Z@..## ##..#..##
#...2....# #§§§###.##
##.((§...###§§####..#
#☼.#.#.°☼§○#○§##).#..##
##☼.#.##°°§§§§##...##..#
#§.§#..###☼☼°○##....#..#
#..§.....#§§§###....##..
#○○4......#○°○#
##....#..
#☼☼####..Z#.☼§#
##.#.##..


You could see a reaper and a troll simulacrum.

Vanquished Creatures
  Harold (D:8)
  A boulder beetle (D:10)
  A two-headed ogre (D:8)
  Pikel (D:8)
  2 ice statues (IceCv)
  A freezing wraith (IceCv)
  An anaconda simulacrum (IceCv)
  5 ice devils (IceCv)
  2 trolls (D:10)
  A hornet (D:8)
  Prince Ribbit (D:7)
  A wyvern (D:7)
  8 yaks
  2 wraiths (D:10)
  A steam dragon (D:10)
  2 death yak simulacra (IceCv)
  Edmund (D:5)
  A sky beast (D:7)
  A necrophage (D:7)
  3 ogres
  2 wolves (D:10)
  5 centaurs
  A phantom (D:7)
  4 lemures
  2 kobold brigands
  4 bullfrogs
  3 two-headed ogre simulacra (IceCv)
  3 scorpions
  A wyvern skeleton (D:7)
  A water moccasin skeleton (D:5)
  3 killer bees (D:7)
  2 electric eels (D:10)
  5 howler monkeys
  3 centaur zombies
  7 hounds
  A jelly (D:5)
  A gnoll shaman (D:5)
  6 orc priests
  A bullfrog skeleton (D:5)
  3 iguanas
  5 orc wizards
  A polar bear simulacrum (IceCv)
  3 troll simulacra (IceCv)
  2 spriggan simulacra (IceCv)
  A wolf simulacrum (IceCv)
  Robin (D:3)
  8 gnolls
  A naga simulacrum (IceCv)
  7 adders
  14 white imps
  2 ufetubi
  3 worms
  A dart slug (D:5)
  22 orcs
  5 endoplasms
  3 giant cockroaches (D:1)
  19 goblins
  10 hobgoblins
  25 kobolds
  3 quokkas
  5 ball pythons
  4 bats
  3 frilled lizards
  7 rats
250 creatures vanquished.

Vanquished Creatures (others)
  A white imp (IceCv)
1 creature vanquished.

Grand Total: 251 creatures vanquished

Notes
Turn   | Place    | Note
-------+----------+-------------------------------------------
     0 | D:1      | lmSkywalker the Minotaur Fighter began the quest for the
                  | Orb.
     0 | D:1      | Reached XP level 1. HP: 19/19 MP: 0/0
   262 | D:1      | Reached XP level 2. HP: 20/26 MP: 1/1
   897 | D:1      | Reached XP level 3. HP: 30/31 MP: 2/2
  1388 | D:2      | Found a faded altar of an unknown god.
  1469 | D:2      | Reached skill level 5 in Axes
  1551 | D:2      | Found Udghuhuzym's Jewellery Boutique.
  1557 | D:2      | Reached XP level 4. HP: 39/39 MP: 3/3
  2481 | D:3      | Reached skill level 1 in Maces & Flails
  2578 | D:3      | Noticed Robin
  2586 | D:3      | Reached skill level 2 in Maces & Flails
  2594 | D:3      | Killed Robin
  2672 | D:3      | Found a shimmering altar of Xom.
  2773 | D:3      | Reached skill level 3 in Maces & Flails
  2773 | D:3      | Reached XP level 5. HP: 44/45 MP: 4/4
  2790 | D:3      | Found a glowing silver altar of Zin.
  3211 | D:3      | Reached skill level 4 in Maces & Flails
  3366 | D:4      | Found a hazy altar of Hepliaklqana.
  3558 | D:4      | Reached skill level 5 in Maces & Flails
  3558 | D:4      | Reached XP level 6. HP: 51/51 MP: 5/5
  3578 | D:4      | Identified the +2 leather armour of Insatiable Hunger
                  | {Str+2}
  3827 | D:4      | Reached skill level 6 in Maces & Flails
  4195 | D:5      | Entered Level 5 of the Dungeon
  4275 | D:5      | Reached skill level 7 in Maces & Flails
  4305 | D:5      | Reached XP level 7. HP: 54/57 MP: 6/6
  4400 | D:5      | Noticed Edmund
  4536 | D:5      | Killed Edmund
  4537 | D:5      | Reached skill level 8 in Maces & Flails
  4660 | D:5      | Reached skill level 9 in Maces & Flails
  4754 | D:5      | Found a runed translucent door.
  4755 | D:5      | Noticed Crazy Yiuf
  5274 | D:6      | Reached skill level 1 in Throwing
  5274 | D:6      | Reached XP level 8. HP: 64/64 MP: 7/7
  5385 | D:6      | Reached skill level 10 in Maces & Flails
  6453 | D:6      | Reached skill level 11 in Maces & Flails
  6615 | D:6      | Noticed Sigmund
  6948 | D:7      | Reached skill level 12 in Maces & Flails
  7112 | D:7      | Reached skill level 5 in Shields
  7112 | D:7      | Reached XP level 9. HP: 64/70 MP: 8/8
  7413 | D:7      | Found an iron altar of Okawaru.
  7432 | D:7      | Became a worshipper of Warmaster Okawaru
  7947 | D:7      | Noticed Prince Ribbit
  7953 | D:7      | Killed Prince Ribbit
  8101 | D:7      | Found a staircase to the Ecumenical Temple.
  8328 | D:7      | Identified the +10 dagger of Traps {protect, rC+ rN+ Will+}
  8406 | D:8      | Noticed Harold
  8494 | D:8      | Killed Harold
  8494 | D:8      | Reached * piety under Okawaru
  8495 | D:8      | Reached skill level 13 in Maces & Flails
  8498 | D:8      | Noticed Pikel
  8515 | D:8      | Killed Pikel
  8515 | D:8      | Reached ** piety under Okawaru
  8516 | D:8      | Reached XP level 10. HP: 45/77 MP: 9/9
  8807 | D:8      | Found a burning altar of Makhleb.
  8824 | D:8      | Found a runed translucent gate.
  8824 | D:8      | Found a runed translucent gate.
  8825 | D:8      | Found a runed translucent gate.
  8828 | D:8      | Noticed SkeletonJelly's ghost (novice TeMo)
  8915 | D:8      | Found a bloodstained altar of Trog.
  9038 | D:8      | Identified the +6 dagger of Blood {drain, Fly rC+++ Str-3
                  | Stlth+}
  9255 | D:8      | Noticed a two-headed ogre
  9266 | D:8      | Killed a two-headed ogre
  9267 | D:8      | Reached skill level 1 in Dodging
  9853 | D:2      | Bought the amulet "Enefom" {Reflect Slay+2 SH+5} for 544
                  | gold pieces
 10284 | D:9      | Reached *** piety under Okawaru
 10292 | D:9      | Reached skill level 5 in Fighting
 10292 | D:9      | Reached skill level 10 in Shields
 10294 | D:9      | Reached skill level 5 in Armour
 10538 | D:9      | Found a staircase to the Orcish Mines.
 10812 | D:9      | Found an ancient bone altar of Kikubaaqudgha.
 10812 | D:9      | Found a stormy altar of Qazlal.
 10963 | D:10     | Entered Level 10 of the Dungeon
 11056 | D:10     | Identified 2 scrolls of acquirement
 11058 | D:10     | Acquired the +8 storm bow {elec, penet}
 11058 | D:10     | Found the +8 storm bow {elec, penet}
 11087 | D:10     | Reached **** piety under Okawaru
 11088 | D:10     | Reached skill level 1 in Invocations
 11088 | D:10     | Reached skill level 1 in Evocations
 11473 | D:10     | Found a staircase to the Lair.
 11742 | D:10     | Noticed a boulder beetle
 11769 | D:10     | Killed a boulder beetle
 11770 | D:10     | Reached XP level 11. HP: 53/89 MP: 9/12
 11971 | D:10     | Identified the +5 battleaxe of Xom's Favour {venom, +Rage
                  | Str+8 Int-5}
 12418 | D:11     | Found a frozen archway.
 12496 | IceCv    | Entered an ice cave
 12526 | IceCv    | Received a gift from Okawaru
 12682 | IceCv    | Received a gift from Okawaru
 13053 | IceCv    | Reached skill level 5 in Invocations
 13325 | IceCv    | Reached skill level 5 in Evocations
 13445 | IceCv    | Noticed a reaper
 13475 | IceCv    | Slain by a reaper

Illustrated notes

Levels and vault maps discovered:
D:1:      scummos_arrival_simple_fountains, layout_loops_ring
D:2:      layout_loops_corners, hellmonk_ecumenical_altar_inner_sanctum,
          serial_shops, nicolae_shop_crystal, chequers_serial_rivers_small_b
D:3:      layout_loops_ring, zin_statuary, mainiacjoe_overflow_catwalk,
          uniq_robin
D:4:      layout_rooms, mainiacjoe_overflow_six_doors_small, dk_noncrumbling_2,
          item_on_display_a
D:5:      layout_basic, uniq_edmund, uniq_crazy_yiuf_cottage
D:6:      layout_basic, uniq_sigmund
D:7:      layout_rooms, okawaru_trees_1, minmay_temple_entry_statues_pillars,
          st_stairs_12, grunt_ministairs_12, minmay_fractal_squares_diagonal_5,
          uniq_prince_ribbit1
D:8:      layout_loops_ring, lemuel_crystal_altar, lightli_temple_of_fire,
          gammafunk_ghost_spectres, chequers_serial_rivers_small_3, uniq_pikel,
          uniq_harold
D:9:      layout_rooms, mainiacjoe_overflow_large_starburst, david_orc_2
D:10:     layout_gridville, erik_lair_island
D:11:     layout_rooms, portal_ice_cave_entry_imps
IceCv:    ice_cave_small_demon

Skill      XL: |  1  2  3  4  5  6  7  8  9 10 11 |
---------------+----------------------------------+-----
Axes           | 3 4 5 |  5.1
Shields        | 4 5 8 10 | 10.3
Maces & Flails | 3 5 7 9 12 13 | 13.6
Throwing       | 1 2 |  2.0
Fighting       | 5 6 |  6.2
Armour         | 5 6 |  6.2
Dodging        | 3 4 |  4.3
Invocations    | 3 5 |  5.1
Evocations     | 3 5 |  5.0

Action                   |  1- 3 |  4- 6 |  7- 9 | 10-12 || total
-------------------------+-------+-------+-------+-------++-------
Melee: War axe           |    79 |     4 |       |       ||    83
       Headbutt          |     8 |    31 |    47 |    99 ||   185
       Mace              |       |   150 |   242 |   356 ||   748
       Unarmed           |       |       |       |     6 ||     6
Throw: Boomerang         |       |       |    20 |    28 ||    48
       Javelin           |       |       |     3 |     7 ||    10
       Dart              |       |       |       |     2 ||     2
       Throwing net      |       |       |       |     5 ||     5
Invok: Heroism           |       |       |       |     7 ||     7
       Finesse           |       |       |       |     1 ||     1
Evoke: Wand              |       |       |       |     1 ||     1
  Use: Scroll            |       |     2 |     6 |     8 ||    16
       Potion            |       |       |     4 |     1 ||     5
 Stab: Held in net/web   |       |       |       |     3 ||     3
Armor: Scale mail        |    45 |    50 |       |       ||    95
       Leather armour    |       |    23 |    77 |     5 ||   105
       Chain mail        |       |       |       |   103 ||   103
       Skin              |       |       |       |     2 ||     2
Dodge: Dodged            |    34 |    63 |    78 |    77 ||   252
Block: Buckler           |    22 |    29 |    49 |    11 ||   111
       Kite shield       |       |       |       |   183 ||   183
       Reflection        |       |       |       |    11 ||    11

Table legend: (Time is in decaauts)
 A = Elapsed time spent in this place.
 B = Non-inter-level travel time spent in this place.
 C = Inter-level travel time spent in this place.
 D = Time resting spent in this place.
 E = Time spent auto-exploring this place.
 F = Levels seen in this place.
 G = Mean time per level.
                   A        B        C        D        E       F      G
               +--------+--------+--------+--------+--------+-----+--------+
         Total |  13434 |  12549 |    885 |   3105 |   5788 |  12 | 1119.5 |
       Dungeon |  12494 |  11609 |    885 |   2509 |   5788 |  11 | 1135.8 |
      Ice Cave |    939 |    939 |      0 |    595 |      0 |   1 |  939.0 |
               +--------+--------+--------+--------+--------+-----+--------+

Top non-repeatable levels by time:
     D:6: 1844 daAuts
     D:7: 1732 daAuts
    D:10: 1384 daAuts
     D:2: 1340 daAuts
     D:8: 1330 daAuts
     D:1: 1127 daAuts
     D:4: 998 daAuts
     D:5: 984 daAuts
     D:3: 984 daAuts
   IceCv: 939 daAuts
     D:9: 679 daAuts
    D:11: 88 daAuts
